 Dungeon Crawl Stone Soup version 0.27-a0-223-ge082b6e869 (webtiles) character file.

Game seed: 7250501498897004019

16 iamserjio the Stinger (level 2, -6/22 HPs)
             Began as a Naga Venom Mage on Feb 1, 2021.
             Mangled by a worm (11 damage)
             ... on level 2 of the Dungeon.
             The game lasted 00:01:50 (208 turns).

iamserjio the Stinger (Naga Venom Mage)              Turns: 208, Time: 00:01:50

Health: -6/22      AC:  2    Str: 10    XL:     2   Next: 58%
Magic:  0/5        EV: 10    Int: 15    God:
Gold:   3          SH:  0    Dex: 11    Spells: 4/5 levels left

rFire    . . .     SeeInvis +   e - +0 short sword
rCold    . . .     Faith    .   (no shield)
rNeg     . . .     Spirit   .   a - +0 robe
rPois    +         Reflect  .   d - +0 helmet
rElec    .         Harm     .   (no cloak)
rCorr    .         Rampage  .   (no gloves)
Will     .....                  (no barding)
Stlth    ++........             (no amulet)
HPRegen  0.07/turn              (no ring)
MPRegen  0.09/turn              (no ring)

@: very slow
A: large, see invisible, deformed body, poison resistance, slowness 2, spit
poison 1, AC +0
a: Spit Poison


You were on level 2 of the Dungeon.
You visited 1 branch of the dungeon, and saw 2 of its levels.

You collected 3 gold pieces.

Inventory:

Hand Weapons
 e - a +0 short sword (weapon)
Missiles
 g - 6 datura-tipped darts
 h - 20 arrows
Armour
 a - a +0 robe (worn)
 d - a +0 helmet (worn)
Scrolls
 b - a scroll of blinking {unknown}
 c - a scroll of identify {unknown}
Potions
 f - 2 potions of heal wounds {unknown}


   Skills:
 - Level 1.5 Dodging
 - Level 3.0 Stealth
 - Level 2.0 Spellcasting
 + Level 1.5 Transmutations
 * Level 4.8 Poison Magic


You had 4 spell levels left.
You knew the following spells:

 Your Spells              Type           Power        Failure   Level
a - Sting                 Tmut/Pois      44%          6%          1

Your spell library contained the following spells:

 Spells                   Type           Power        Failure   Level
 Poisonous Vapours        Pois/Air       16%          12%         2
 Ignite Poison            Fire/Tmut/Pois 7%           28%         3
 Olgreb's Toxic Radiance  Pois           16%          30%         4
 Mephitic Cloud           Conj/Pois/Air  6%           34%         3


Dungeon Overview and Level Annotations

Branches:
Dungeon (2/15)

Altars:
Dithmenos


Innate Abilities, Weirdness & Mutations

You cannot wear boots.
Your serpentine skin is tough. (AC +0)
You have supernaturally acute eyesight. (SInv)
Armour fits poorly on your strangely shaped body.
Your system is resistant to poisons. (rPois)
You cover ground very slowly.
You can spit poison.


Message History

You kill the kobold!
Casting: Sting (safe; 6% risk of failure)
Aiming: Sting (safe; 6% risk of failure)
Aim: a goblin, wielding a +0 club (36% to evade)
The sting hits the goblin.
The goblin is poisoned.
You kill the goblin!
A worm comes into view.
Casting: Sting (safe; 6% risk of failure)
Aiming: Sting (safe; 6% risk of failure)
Aim: a worm (10% to evade)
The sting hits the worm.
The worm is poisoned.
You hit the worm. The worm bites you.
You hit the worm but do no damage. The worm bites you.
* * * LOW HITPOINT WARNING * * *
You hit the worm.
Casting: Sting (safe; 6% risk of failure)
You don't have enough magic to cast that spell.
You barely miss the worm.
The worm looks more healthy.
The worm bites you!
Ouch! That really hurt!
You die...

.. #. ..##.....## .#
..l ..
#.#.......#..# .. #.
#.#.......#..# .#..
.. #....._......#
#.#.##. ...
#.#.......#..#
.....gr
....###.#.......#..#
#.#.# .
.......w##.....##..#
#.#.##.#
#.@####.####..#
........
##...)........#
#.#.##.#
###..######..#
.......#
#.###......#
.#...... #.#
#.####.# .#..##.#
#.# #.# #.# #
g..≈P.P. ......P)#
#....#.#####
.##P≈≈PP ##.PP≈..#
#........ <#


PPP≈≈ #..≈≈≈## #......##### You could see a worm.

Vanquished Creatures
  A worm (D:2)
  A giant cockroach (D:2)
  2 goblins (D:2)
  2 hobgoblins (D:1)
  3 kobolds (D:2)
  3 rats
12 creatures vanquished.

Vanquished Creatures (others)
  9 plants (D:2)
9 creatures vanquished.

Grand Total: 21 creatures vanquished

Notes
Turn   | Place    | Note
-------+----------+-------------------------------------------
     0 | D:1      | iamserjio the Naga Venom Mage began the quest for the Orb.
     0 | D:1      | Reached XP level 1. HP: 15/15 MP: 3/3
   103 | D:1      | Reached XP level 2. HP: 6/22 MP: 1/5
   186 | D:2      | Found a shadowy altar of Dithmenos.
   208 | D:2      | Mangled by a worm

Illustrated notes

Levels and vault maps discovered:
D:1:      ebering_hopf_link, layout_rooms, serial_forest,
          infiniplex_forest_lined_2, infiniplex_forest_lined_1,
          infiniplex_forest_lined_4_way, infiniplex_forest_clump_tiny,
          infiniplex_forest_straight_2, infiniplex_forest_clump_tiny,
          infiniplex_forest_clump_double, infiniplex_forest_zigzag_1
D:2:      layout_loops_cross, lemuel_coloured_pillars_altar, marbit_many_paths,
          old_standard_altar, minmay_misc_feat_pillars, serial_bayou_lagoon_a

Action                   || total
-------------------------++-------
Melee: Unarmed           ||    11
       Short sword       ||    10
 Cast: Sting             ||    20
Armor: Robe              ||     5
Dodge: Dodged            ||    10

Table legend: (Time is in decaauts)
 A = Elapsed time spent in this place.
 B = Non-inter-level travel time spent in this place.
 C = Inter-level travel time spent in this place.
 D = Time resting spent in this place.
 E = Time spent auto-exploring this place.
 F = Levels seen in this place.
 G = Mean time per level.
                   A        B        C        D        E       F      G
               +--------+--------+--------+--------+--------+-----+--------+
         Total |    267 |    267 |      0 |      0 |      0 |   2 |  133.5 |
       Dungeon |    267 |    267 |      0 |      0 |      0 |   2 |  133.5 |
               +--------+--------+--------+--------+--------+-----+--------+

Top non-repeatable levels by time:
     D:1: 148 daAuts
     D:2: 119 daAuts
